 Dungeon Crawl Stone Soup version 0.23.0-3-gf3c87f2 (webtiles) character file.

Game seed: 17830352485644652157

189 misha the Poker (level 5, -1/39 HPs)
             Began as a Merfolk Gladiator on Feb 23, 2019.
             Slain by a killer bee zombie (3 damage)
             ... on level 4 of the Dungeon.
             The game lasted 00:11:33 (3677 turns).

misha the Poker (Merfolk Gladiator)                 Turns: 3677, Time: 00:11:34

Health: -1/39      AC:  5    Str: 16    XL:     5   Next: 68%
Magic:  5/5        EV: 14    Int:  7    God:
Gold:   89         SH:  0    Dex: 15    Spells: 4/4 levels left

rFire    . . .     SeeInvis .   a - +0 blowgun
rCold    . . .     Gourm    .   (no shield)
rNeg     . . .     Faith    .   u - +0 leather armour
rPois    +         Spirit   .   c - +0 helmet
rElec    .         Reflect  .   (no cloak)
rCorr    .         Harm     .   q - +0 pair of gloves
MR       .....                  (no boots)
Stlth    +.........             (no amulet)
HPRegen  0.13/turn              E - ring of wizardry
MPRegen  0.09/turn              k - ring of poison resistance

@: about to teleport
A: change form in water, swift swim, stealthy swim
a: no special abilities


You were on level 4 of the Dungeon.
You were not hungry.

You visited 1 branch of the dungeon, and saw 4 of its levels.

You collected 89 gold pieces.

Inventory:

Hand Weapons
 a - a +0 blowgun (weapon)
 b - a +3 short sword of draining
 D - a +0 trident
Missiles
 d - 3 throwing nets
 e - 180 stones
 i - 7 javelins of returning
 p - 52 arrows
 r - 8 tomahawks
 s - 32 poisoned needles (quivered)
 w - 19 bolts
 x - 24 sling bullets
Armour
 c - a +0 helmet (worn)
 q - a +0 pair of gloves (worn)
 u - a +0 leather armour (worn)
Jewellery
 k - a ring of poison resistance (right hand)
 E - a ring of wizardry (left hand)
Scrolls
 h - a scroll of teleportation
 l - 5 scrolls of remove curse {unknown}
 m - a scroll of immolation {unknown}
 n - 3 scrolls of identify {unknown}
 y - a scroll of enchant armour {unknown}
 B - a scroll of amnesia {unknown}
Potions
 g - a potion of haste {unknown}
 j - a potion of agility {unknown}
 o - 3 potions of brilliance {unknown}
 t - 2 potions of lignification {unknown}
 v - a potion of mutation {unknown}
 z - a potion of curing {unknown}
 A - a potion of cancellation {unknown}
 C - a potion of heal wounds {unknown}
Comestibles
 f - 7 rations


   Skills:
 - Level 2.5 Fighting
 + Level 2.2 Short Blades
 + Level 6.5 Polearms
 + Level 3.0 Throwing
 - Level 0.1 Armour
 - Level 5.0 Dodging
 - Level 0.2 Stealth


You had 4 spell levels left.
You didn't know any spells.
Your spell library was empty.

Dungeon Overview and Level Annotations

Branches:
Dungeon (4/15)             Temple (0/1) D:4

Altars:
Makhleb
Wu Jian
Xom


Message History

The killer bee zombie barely misses you.
The killer bee zombie hits you.
* * * LOW HITPOINT WARNING * * *
You are too injured to fight recklessly!
You are too injured to fight recklessly!
You are too injured to fight recklessly!
Really attack while wielding your +0 blowgun? [Y]es or [N]o only, please.
Really attack while wielding your +0 blowgun? [Y]es or [N]o only, please.
Really attack while wielding your +0 blowgun? [Y]es or [N]o only, please.
Really attack while wielding your +0 blowgun?
Okay, then.
Unknown command.
Unknown command.
As you read the scroll labeled EMIAKI USHRYX, it crumbles to dust.
You feel strangely unstable.
It was a scroll of teleportation.
The killer bee zombie hits you.
You die...

##.#.#..### #.# ...
##.#.##.#######.#####.#.
##.#.##........?........
##.#.####...####........
#.#.# #..#.# #..).....
##.#.# #.##.# #s.......
#....# #. #.. #.######.
#.>.####.###.###Z####...
#........# #....@.....#
....###### #####.######
..#.# #.# ....# #.#
.#..# ..# . #..# .## #
##.# . .. .. #.


You could see a scorpion and a killer bee zombie.

Vanquished Creatures
  A hound (D:4)
  An orc wizard (D:3)
  5 adders
  An ooze (D:1)
  2 worms
  2 leopard geckos
  8 orcs
  5 giant cockroaches
  3 goblins
  6 hobgoblins
  3 jackals (D:3)
  7 bats
  9 frilled lizards
  10 kobolds
  6 rats
69 creatures vanquished.

Notes
Turn   | Place    | Note
-------+----------+-------------------------------------------
     0 | D:1      | misha the Merfolk Gladiator began the quest for the Orb.
     0 | D:1      | Reached XP level 1. HP: 16/16 MP: 1/1
    81 | D:1      | Reached XP level 2. HP: 21/23 MP: 2/2
   317 | D:1      | Reached skill level 5 in Polearms
   328 | D:1      | Reached XP level 3. HP: 25/28 MP: 3/3
   939 | D:2      | Reached XP level 4. HP: 34/34 MP: 4/4
   986 | D:2      | Reached skill level 5 in Dodging
  1529 | D:2      | Found a shimmering altar of Xom.
  2166 | D:3      | Reached skill level 1 in Short Blades
  2203 | D:3      | Reached skill level 6 in Polearms
  2559 | D:3      | Reached XP level 5. HP: 39/39 MP: 5/5
  2941 | D:3      | Found an ornate altar of the Wu Jian Council.
  2941 | D:3      | Found a burning altar of Makhleb.
  3668 | D:4      | Found a staircase to the Ecumenical Temple.
  3677 | D:4      | Slain by a killer bee zombie

Skill      XL: |  1  2  3  4  5 |
---------------+----------------+-----
Polearms       | 5 6 |  6.5
Dodging        | 5 |  5.0
Short Blades   | 1 2 |  2.2
Throwing       | 3 |  3.0
Fighting       | |  2.5
Armour         | |  0.1
Stealth        | |  0.2

Action                   |  1- 3 |  4- 6 || total
-------------------------+-------+-------++-------
Melee: Trident           |    78 |    14 ||    92
       Short sword       |       |   116 ||   116
 Fire: Blowgun           |       |    44 ||    44
  Use: Scroll            |       |     1 ||     1
 Stab: Sleeping          |     1 |     1 ||     2
  Eat: Chunk             |       |     5 ||     5
       Ration            |       |     1 ||     1
Armor: Leather armour    |    23 |    42 ||    65
Dodge: Dodged            |    79 |   125 ||   204
